 Dungeon Crawl Stone Soup version 0.30.0-29-ga12c61a403 (webtiles) character file.

Game seed: 12394569143995399490

46 ChadusMaximus the Shield-Bearer (level 3, -1/30 HPs)
             Began as a Formicid Fighter on June 19, 2023.
             Slain by Natasha (4 damage)
             ... on level 2 of the Dungeon.
             The game lasted 00:00:39 (662 turns).

ChadusMaximus the Shield-Bearer (Formicid Fighter)   Turns: 662, Time: 00:00:39

Health: -1/30      AC:  9    Str: 22    XL:     3   Next: 92%
Magic:  3/3        EV:  8    Int:  7    God:
Gold:   52         SH:  5    Dex: 13    Spells: 2/2 levels left

rFire   . . .        a - +0 war axe
rCold   . . .        c - +0 buckler
rNeg    . . .        h - +0 chain mail
rPois   .            (helmet unavailable)
rElec   .            (no cloak)
rCorr   .            (no gloves)
SInv    +            (no boots)
Will    .....        (no amulet) Stlth
                     (no ring)
HPRegen 0.25/turn    (no ring)
MPRegen 0.08/turn

%: no passive effects
@: no status effects
A: permanent stasis, dig shafts and tunnels, antennae 3, four strong arms
a: Dig, Shaft Self


You were on level 2 of the Dungeon.
You visited 1 branch of the dungeon, and saw 2 of its levels.

You collected 52 gold pieces.

Inventory:

Hand Weapons
 a - a +0 war axe (weapon)
Armour
 b - a +0 scale mail
 c - a +0 buckler (worn)
 h - a +0 chain mail (worn)
Scrolls
 e - 3 scrolls of fear {unknown}
 f - a scroll of teleportation {unknown}
 g - a scroll of vulnerability {unknown}
 j - a scroll of immolation {unknown}
Potions
 d - a potion of might
 i - a potion of brilliance {unknown}


   Skills:
 + Level 3.7 Fighting
 + Level 2.6 Axes
 + Level 3.7 Armour
 + Level 4.6 Shields


You had 2 spell levels left.
You didn't know any spells.
Your spell library was empty.

Dungeon Overview and Level Annotations

Branches:
Dungeon (2/15)

Altars:

Annotations:
D:2 Natasha


Innate Abilities, Weirdness & Mutations

You cannot be hasted, slowed, berserked, paralysed or teleported.
You can dig through walls and to a lower floor.
You have a pair of large antennae on your head. (SInv)
Your four strong arms can wield two-handed weapons with a shield.


Message History

You kill the kobold!
Natasha, Servant of Life and Death comes into view.
A hobgoblin comes into view.
There are monsters nearby!
The hobgoblin shouts!
There are monsters nearby!
There are monsters nearby!
Natasha claws you!
You barely miss Natasha. You barely miss the hobgoblin.
You block Natasha's attack. You block the hobgoblin's attack.
Natasha claws you but does no damage.
Unknown command.
You hit Natasha but do no damage. You closely miss the hobgoblin.
The hobgoblin hits you. Natasha claws you! The hobgoblin closely misses you.
Unknown command.
You closely miss Natasha. You closely miss the hobgoblin.
Natasha barely misses you.
The hobgoblin hits you but does no damage.
You barely miss Natasha. You closely miss the hobgoblin.
Natasha claws you but does no damage.
The hobgoblin hits you but does no damage.
Natasha closely misses you. You block the hobgoblin's attack.
You barely miss Natasha. You barely miss the hobgoblin. Natasha claws you.
The hobgoblin hits you.
* * * LOW HITPOINT WARNING * * *
You closely miss Natasha. You barely miss the hobgoblin. Natasha claws you.
* * * LOW HITPOINT WARNING * * *
The hobgoblin hits you but does no damage.
Natasha barely misses you. You block the hobgoblin's attack.
You hit Natasha.
Natasha is moderately wounded.
You hit the hobgoblin. Natasha claws you.
* * * LOW HITPOINT WARNING * * *
You block the hobgoblin's attack.
You slash the hobgoblin!
You kill the hobgoblin!
You barely miss Natasha. Natasha claws you.
* * * LOW HITPOINT WARNING * * *
Natasha claws you.
You die...

.... #........ ...
.........
###..##.........
#................
.....(...........
..........?......
......h..........
..[....@.........
................#
.....[...).......
.#....#.#..##...###
####...#..## #...#
.....##..###...##
..###...##..##....###
. ##......##..#...###
##.#...##..#...##.


You could see Natasha.

Vanquished Creatures
  A gnoll (D:1)
  A dart slug (D:1)
  3 ball pythons (D:1)
  5 endoplasms (D:1)
  2 giant cockroaches (D:1)
  4 goblins (D:1)
  2 hobgoblins
  2 kobolds
  A quokka (D:1)
  5 bats (D:1)
  A frilled lizard (D:1)
  4 rats (D:1)
31 creatures vanquished.

Notes
Turn   | Place    | Note
-------+----------+-------------------------------------------
     0 | D:1      | ChadusMaximus the Formicid Fighter began the quest for the
                  | Orb.
     0 | D:1      | Reached XP level 1. HP: 18/18 MP: 1/1
    39 | D:1      | Reached XP level 2. HP: 10/24 MP: 2/2
   163 | D:1      | Reached XP level 3. HP: 12/29 MP: 3/3
   651 | D:2      | Noticed Natasha
   662 | D:2      | Slain by Natasha

Illustrated notes

Levels and vault maps discovered:
D:1:      amcnicky_arrival_wind_blow, layout_rooms
D:2:      layout_rooms, uniq_natasha, uniq_terence

Action                     || total
---------------------------++-------
  Melee: War axe           ||    59
 Armour: Scale mail        ||    13
         Chain mail        ||    12
  Dodge: Dodged            ||    23
  Block: Buckler           ||    24
